 Dungeon Crawl Stone Soup version 0.21-a0-591-g2314aa1 (webtiles) character file.

1735 teukkam the Covered (level 9, 0/62 HPs)
             Began as a Gnoll Wanderer on Dec 22, 2017.
             Succumbed to a gnoll sergeant's poison
             ... on level 6 of the Dungeon.
             The game lasted 00:22:06 (4841 turns).

teukkam the Covered (Gnoll Wanderer)                Turns: 4841, Time: 00:22:07

Health: 0/62       AC:  7    Str: 19    XL:     9   Next: 5%
Magic:  3/14       EV: 14    Int:  9    God:
Gold:   167        SH:  0    Dex: 17    Spells: 15/15 levels left

rFire    . . .     SeeInvis +   a - +2 falchion
rCold    + . .     Gourm    .   (no shield)
rNeg     . . .     Faith    .   c - +0 ring mail
rPois    .         Spirit   +   (helmet restricted)
rElec    .         Reflect  .   t - scarf {Spirit}
rCorr    .         Harm     .   (no gloves)
MR       .....                  C - +0 pair of boots
Stlth    ++........             (no amulet)
HPRegen  0.20/turn              f - ring of protection from cold
MPRegen  0.14/turn              (no ring)

@: lethally poisoned (0 -> -41)
A: distributed training, fangs 1, horns 1, see invisible, dopey 1, frail 1,
strong nose
a: no special abilities


You were on level 6 of the Dungeon.
You were not hungry.

You visited 1 branch of the dungeon, and saw 6 of its levels.
You also visited: Sewer.

You collected 167 gold pieces.

Inventory:

Hand Weapons
 a - a +2 falchion (weapon)
 m - a +0 blowgun
 n - a +4 spear
 q - a +1 whip of freezing
Missiles
 e - 102 arrows
 x - 25 poisoned needles
Armour
 c - a +0 ring mail (worn)
 t - a scarf of spirit shield (worn)
 v - a +0 ring mail
 C - a +0 pair of boots (worn)
Magical Staves
 s - an uncursed staff of cold
Jewellery
 f - a ring of protection from cold (left hand)
Wands
 b - a wand of clouds (6)
 r - a wand of polymorph (15)
 u - a wand of enslavement (14)
Scrolls
 j - 3 scrolls of identify
 l - 2 scrolls of remove curse
 o - 5 scrolls of teleportation
 y - a scroll of magic mapping
 z - a scroll of random uselessness {unknown}
 D - a scroll of blinking
Potions
 g - 3 potions of haste
 h - 4 potions of agility
 i - 5 potions of heal wounds
 k - a potion of brilliance {unknown}
 p - 5 potions of curing
 A - a potion of flight
 B - a potion of might {unknown}
Books
 w - a book of Necromancy

   Spells                             Type                      Level
   a - Pain                           Necromancy                   1
   b - Animate Skeleton               Necromancy                   1
   c - Vampiric Draining              Necromancy                   3
   d - Regeneration                   Charms/Necromancy            3
   e - Animate Dead                   Necromancy                   4
   f - Control Undead                 Necromancy                   4
Comestibles
 d - 6 rations


   Skills:
 + Level 6.0 Fighting
 + Level 3.7 Short Blades
 + Level 6.0 Long Blades
 + Level 4.6 Axes
 + Level 3.7 Maces & Flails
 + Level 3.7 Polearms
 + Level 3.7 Staves
 + Level 3.7 Slings
 + Level 3.7 Bows
 + Level 3.7 Crossbows
 + Level 4.6 Throwing
 + Level 6.0 Armour
 + Level 4.6 Dodging
 + Level 3.7 Stealth
 + Level 3.7 Shields
 + Level 3.7 Unarmed Combat
 + Level 3.7 Spellcasting
 + Level 3.1 Conjurations
 + Level 3.1 Hexes
 + Level 3.1 Charms
 + Level 3.1 Summonings
 + Level 3.1 Necromancy
 + Level 3.1 Translocations
 + Level 3.1 Transmutations
 + Level 3.1 Fire Magic
 + Level 3.1 Ice Magic
 + Level 3.1 Air Magic
 + Level 3.1 Earth Magic
 + Level 3.1 Poison Magic
 + Level 4.1 Invocations
 + Level 4.6 Evocations


You had 15 spell levels left.
You didn't know any spells.

Dungeon Overview and Level Annotations

Branches:
Dungeon (6/15)             Temple (0/1) D:6

Altars:
Gozag
Yredelemnul

Annotations:
D:4 teukkam's ghost, amateur GnWn


Innate Abilities, Weirdness & Mutations

Your experience applies equally to all skills.
You have very sharp teeth.
Your uncanny sense of smell can sniff out nearby items.
You have a pair of small horns on your head.
You have supernaturally acute eyesight. (SInv)
You are dopey. (Int -2)
You are frail. (-10% HP)


Message History

The gnoll sergeant is almost dead.
* * * LOW HITPOINT WARNING * * *
You feel sick. The gnoll closely misses you.
The gnoll sergeant hits you with a spear of venom.
* * * LOW HITPOINT WARNING * * *
You are more poisoned.
* * * LOW HITPOINT WARNING * * *
You feel very sick.
The gnoll sergeant hits you from afar with a spear of venom.
You are more poisoned.
* * * LOW HITPOINT WARNING * * *
You feel very sick.
The gnoll hits you from afar with a halberd.
* * * LOW HITPOINT WARNING * * *
The gnoll sergeant completely misses you.
Things that are here:
a flail; a gnoll corpse You slash the gnoll sergeant!
You kill the gnoll sergeant!
You die...

*,###**#.#.#
#.#####..##'###.# *, *,*
#.#.###...............# *,
*,* #................###..#
** *,*
###.###.#######...##.## *,*
#........#..........# ,,*
#####.##.#.##...###.# ***
**#####.#....###.## *,*
*∆.......#.#.###.#***,****
*,.....?.@........,,,,,,,,
**∆.....$)#.#.######,*,****
*******,,......g....# *,*,*
,,,,,,,,,.........#.#
***,*,*
,,,,,,,,,.......###.#
*,,,,,* ********,.......*
*.#***,***,* **##?....*
*,,,,,,* *,* #.####*
******,***,* *,* *,,,,,* **


You could see a gnoll.

Vanquished Creatures
  Pikel (D:5)
  A sky beast (D:5)
  A slave (D:5)
  An ogre (D:5)
  2 big kobolds (Sewer)
  A bullfrog (D:6)
  A gnoll sergeant (D:6)
  A scorpion (D:6)
  A howler monkey (D:6)
  A crimson imp (D:5)
  2 jellies (D:6)
  2 hounds (D:5)
  A bullfrog skeleton (D:6)
  A centaur skeleton (D:5)
  Ijyb (D:5)
  Natasha (thrice) (D:2)
  An iguana (D:5)
  4 orc wizards
  5 worker ants
  A hound zombie (D:6)
  3 gnolls
  6 adders
  5 river rats (Sewer)
  An adder zombie (D:2)
  An adder skeleton (D:5)
  4 worms
  2 leopard geckos
  10 orcs
  11 bats
  6 giant cockroaches
  7 hobgoblins
  8 jackals
  21 kobolds
  2 quokkas
  7 ball pythons
  4 frilled lizards
  6 goblins
  A jackal zombie (D:5)
  A quokka skeleton (D:4)
  25 rats
163 creatures vanquished.

Vanquished Creatures (others)
  2 slaves (D:5)
  A crimson imp (D:5)
3 creatures vanquished.

Grand Total: 166 creatures vanquished

Notes
Turn   | Place    | Note
-------+----------+-------------------------------------------
     0 | D:1      | teukkam the Gnoll Wanderer began the quest for the Orb.
     0 | D:1      | teukkam set off with: a +2 falchion, a potion of lignification, a +0 ring mail, a ration
     0 | D:1      | Reached XP level 1. HP: 20/20 MP: 2/2
   101 | D:1      | Reached XP level 2. HP: 22/26 MP: 3/3
   334 | D:1      | Reached XP level 3. HP: 8/31 MP: 4/4
   764 | D:2      | Reached skill level 1 in Invocations
   795 | D:2      | Noticed Natasha
   803 | D:2      | Killed Natasha
   803 | D:2      | Reached skill level 1 in Short Blades
   803 | D:2      | Reached skill level 1 in Maces & Flails
   803 | D:2      | Reached skill level 1 in Polearms
   803 | D:2      | Reached skill level 1 in Staves
   803 | D:2      | Reached skill level 1 in Slings
   803 | D:2      | Reached skill level 1 in Bows
   803 | D:2      | Reached skill level 1 in Crossbows
   803 | D:2      | Reached skill level 1 in Stealth
   803 | D:2      | Reached skill level 1 in Shields
   803 | D:2      | Reached skill level 1 in Unarmed Combat
   803 | D:2      | Reached skill level 1 in Spellcasting
   803 | D:2      | Reached XP level 4. HP: 17/38 MP: 4/6
  1074 | D:2      | Noticed Natasha
  1082 | D:2      | Killed Natasha
  1082 | D:2      | Reached skill level 1 in Conjurations
  1082 | D:2      | Reached skill level 1 in Hexes
  1082 | D:2      | Reached skill level 1 in Charms
  1082 | D:2      | Reached skill level 1 in Summonings
  1082 | D:2      | Reached skill level 1 in Necromancy
  1082 | D:2      | Reached skill level 1 in Translocations
  1082 | D:2      | Reached skill level 1 in Transmutations
  1082 | D:2      | Reached skill level 1 in Fire Magic
  1082 | D:2      | Reached skill level 1 in Ice Magic
  1082 | D:2      | Reached skill level 1 in Air Magic
  1082 | D:2      | Reached skill level 1 in Earth Magic
  1082 | D:2      | Reached skill level 1 in Poison Magic
  1164 | D:2      | Noticed Natasha
  1173 | D:2      | Killed Natasha
  1173 | D:2      | Reached XP level 5. HP: 36/43 MP: 7/7
  1506 | D:3      | Found a basalt altar of Yredelemnul.
  2188 | D:4      | Reached XP level 6. HP: 24/50 MP: 8/8
  2322 | D:4      | Noticed teukkam's ghost (amateur GnWn)
  2931 | D:5      | Entered Level 5 of the Dungeon
  2931 | D:5      | Noticed Ijyb
  2941 | D:5      | Killed Ijyb
  2941 | D:5      | Reached skill level 5 in Fighting
  2941 | D:5      | Reached skill level 5 in Long Blades
  2941 | D:5      | Reached skill level 5 in Armour
  3214 | D:5      | Noticed a sky beast
  3352 | D:5      | Killed a sky beast
  3352 | D:5      | Reached XP level 7. HP: 27/56 MP: 10/10
  3373 | D:5      | Noticed Pikel
  3437 | D:5      | Gained mutation: You are frail. (-10% HP) [potion of mutation]
  3437 | D:5      | Gained mutation: You are dopey. (Int -2) [potion of mutation]
  3437 | D:5      | Gained mutation: You have a pair of small horns on your head. [potion of mutation]
  3437 | D:5      | Gained mutation: You have supernaturally acute eyesight. (SInv) [potion of mutation]
  3442 | D:5      | Killed Pikel
  3442 | D:5      | Reached XP level 8. HP: 22/56 MP: 10/12
  3957 | D:6      | Found an opulent altar of Gozag.
  4020 | D:6      | Found a glowing drain.
  4033 | Sewer    | Entered a sewer
  4818 | D:6      | Reached XP level 9. HP: 60/62 MP: 12/14
  4840 | D:6      | HP: 3/62 [poisoned by a gnoll sergeant]
  4841 | D:6      | Succumbed to a gnoll sergeant's poison

Vault maps used:
D:1:      minmay_arrival_diagonal_passages, glass_columns_b
D:2:      serial_undead, serial_undead_d, serial_undead_c, serial_undead_a,
          serial_undead_a, first_ration, minmay_split_cup_small, uniq_natasha
D:3:      nicolae_overflow_crystal_walls, serial_forest,
          infiniplex_forest_clump_long, infiniplex_forest_lined_2,
          infiniplex_forest_lined_2, infiniplex_forest_zigzag_1,
          infiniplex_forest_straight_4, infiniplex_forest_side_room,
          infiniplex_forest_side_room, infiniplex_forest_fountain
D:5:      uniq_pikel, uniq_ijyb
D:6:      nicolae_gozag_seed_capital, minmay_temple_entry_glassed_door,
          portal_sewer_entry_c
Sewer:    sewer_minmay_treatment

Skill      XL: |  1  2  3  4  5  6  7  8  9 |
---------------+----------------------------+-----
Invocations    | 1 2 3 4 |  4.1
Short Blades   | 1 2 3 |  3.7
Maces & Flails | 1 2 3 |  3.7
Polearms       | 1 2 3 |  3.7
Staves         | 1 2 3 |  3.7
Slings         | 1 2 3 |  3.7
Bows           | 1 2 3 |  3.7
Crossbows      | 1 2 3 |  3.7
Stealth        | 1 2 3 |  3.7
Shields        | 1 2 3 |  3.7
Unarmed Combat | 1 2 3 |  3.7
Spellcasting   | 1 2 3 |  3.7
Conjurations   | 1 2 3 |  3.1
Hexes          | 1 2 3 |  3.1
Charms         | 1 2 3 |  3.1
Summonings     | 1 2 3 |  3.1
Necromancy     | 1 2 3 |  3.1
Translocations | 1 2 3 |  3.1
Transmutations | 1 2 3 |  3.1
Fire Magic     | 1 2 3 |  3.1
Ice Magic      | 1 2 3 |  3.1
Air Magic      | 1 2 3 |  3.1
Earth Magic    | 1 2 3 |  3.1
Poison Magic   | 1 2 3 |  3.1
Axes           | 3 4 |  4.6
Throwing       | 3 4 |  4.6
Dodging        | 3 4 |  4.6
Evocations     | 3 4 |  4.6
Fighting       | 5 6 |  6.0
Long Blades    | 5 6 |  6.0
Armour         | 5 6 |  6.0

Action                   |  1- 3 |  4- 6 |  7- 9 || total
-------------------------+-------+-------+-------++-------
Melee: Falchion          |    66 |   161 |   186 ||   413
       Bite              |    10 |    26 |    25 ||    61
       Spear             |       |     3 |    40 ||    43
       Headbutt          |       |       |    56 ||    56
       Punch             |       |       |     2 ||     2
Evoke: Wand              |       |       |     1 ||     1
  Use: Potion            |     1 |       |     7 ||     8
       Scroll            |       |     4 |     3 ||     7
 Stab: Sleeping          |       |     2 |     1 ||     3
  Eat: Chunk             |       |     8 |     1 ||     9
       Ration            |       |       |     2 ||     2
Armor: Ring mail         |    23 |    60 |    79 ||   162
Dodge: Dodged            |    36 |   125 |   179 ||   340
       Rpst.: Falchion   |    10 |    37 |    45 ||    92

Table legend:
 A = Spawn XP
 B = Non-spawn XP
 C = Spawn XP percentage of total XP
 D = Spawn monster count
 E = Non-spawn monster count
 F = Spawn count percentage of total count
 G = Total turns spent on level
                    A         B        C        D         E        F      G
               +---------+---------+-------+---------+---------+-------+---------
         Total |       0 |    2479 |   0.0 |       0 |     162 |   0.0 |  4841
               +---------+---------+-------+---------+---------+-------+---------
           D:1 |       0 |      51 |   0.0 |       0 |      23 |   0.0 |   719
           D:2 |       0 |     167 |   0.0 |       0 |      17 |   0.0 |   620
           D:3 |       0 |      89 |   0.0 |       0 |      21 |   0.0 |  1254
           D:4 |       0 |      97 |   0.0 |       0 |       7 |   0.0 |   338
           D:5 |       0 |    1201 |   0.0 |       0 |      26 |   0.0 |  1026
           D:6 |       0 |     557 |   0.0 |       0 |      20 |   0.0 |   113
         Sewer |       0 |     317 |   0.0 |       0 |      48 |   0.0 |   771
               +---------+---------+-------+---------+---------+-------+---------
